[Event "Turkish Cup 2024"]
[Site "Denizli"]
[Date "2024.08.04"]
[Round "8"]
[White "Metin, Enis"]
[Black "Zor, Emir Aras"]
[Result "1/2-1/2"]
[ECO "C95"]
[WhiteElo "2142"]
[BlackElo "1734"]
[Annotator "RC"]
[PlyCount "208"]
[EventDate "2024.08.01"]
[EventType "swiss"]
[EventCountry "TUR"]
[SourceTitle "playchess.com"]
[Source "ChessBase"]
[SourceQuality "1"]
[TimeControl "5400+30"]

1. e4 e5 2. Nf3 Nc6 3. Bb5 a6 4. Ba4 Nf6 5. O-O Be7 6. Re1 b5 7. Bb3 d6 8. c3 O-O 9. h3 Nb8 10. d4 Nbd7 11. Nbd2 Bb7 12. Bc2 Re8 13. Nf1 Bf8 14. Ng3 g6 15. Bg5 Bg7 16. Qd2 Qe7 17. Nh2 Qf8 18. Rad1 h6 19. Be3 d5 20. exd5 Nxd5 21. Be4 Nxe3 22. Rxe3 Bxe4 23. Rxe4 f5 24. Ree1 e4 25. f3 Qd6 26. Ngf1 Nf6 27. fxe4 Nxe4 28. Qc2 Bf6 29. Nf3 Rad8 30. N1d2 Ng3 31. Nf1 Ne4 32. N1d2 Ng3 33. Nb3 Ne4 34. Nfd2 Ng3 35. Qd3 Qf4 36. Qf3 Qxf3 37. Nxf3 g5 38. Nc5 g4 39. hxg4 fxg4 40. Rxe8+ Rxe8 41. Nd7 Re6 42. Re1 Ne2+ 43. Rxe2 Rxe2 44. Nxf6+ Kg7 45. Nxg4 Rxb2 46. Ne3 Rxa2 47. Nd5 c6 48. Nb4 Ra3 49. Ne5 c5 50. dxc5 Rxc3 51. Nxa6 b4 52. Nxb4 Rxc5 53. Nf3 Rc4 54. Nd5 Rg4 55. Kf2 Rxg2+ 56. Kxg2 Kf7 57. Kg3 Ke6 58. Ne3 Kd6 59. Kf4 Ke6 60. Ke4 h5 61. Nh4 Kd6 62. Kf5 Kc5 63. Ke5 Kc6 64. Nc4 Kc5 65. Nd6 Kc6 66. Ne4 Kb5 67. Kd5 Kb4 68. Kd4 Kb5 69. Kd5 Kb4 70. Nc5 Kc3 71. Ne6 Kd3 72. Nf4+ Ke3 73. Ke5 Kd2 74. Kd4 Kc2 75. Nd5 Kd2 76. Nc3 Kc2 77. Ne4 Kb3 78. Kc5 Ka3 79. Kc4 Kb2 80. Nc3 Kc2 81. Nb5 Kd2 82. Kd4 Kc2 83. Na3+ Kb3 84. Nc4 Kb4 85. Ne5 Kb5 86. Nd3 Kc6 87. Ke5 Kb6 88. Kd6 Kb5 89. Kd5 Kb6 90. Kc4 Kc6 91. Ne5+ Kd6 92. Kd4 Ke6 93. Nc4 Kf6 94. Ke4 Kg5 95. Nf3+ Kg4 96. Nce5+ Kg3 97. Ke3 h4 98. Nd4 h3 99. Nf5+ Kg2 100. Nd3 h2 101. Nf4+ Kg1 102. Ng3 h1=Q 103. Nfe2+ Kg2 104. Nxh1 Kxh1 1/2-1/2

[Event "Turkish Cup 2024"]
[Site "Denizli"]
[Date "2024.08.04"]
[Round "8"]
[White "Kavri, Yusuf Eren"]
[Black "Topuz, Mirac Melih"]
[Result "1-0"]
[ECO "A40"]
[WhiteElo "2090"]
[BlackElo "2148"]
[Annotator "RC"]
[PlyCount "93"]
[EventDate "2024.08.01"]
[EventType "swiss"]
[EventCountry "TUR"]
[SourceTitle "playchess.com"]
[Source "ChessBase"]
[SourceQuality "1"]
[TimeControl "5400+30"]

1. d4 g6 2. c4 Bg7 3. Nc3 c5 4. d5 Bxc3+ 5. bxc3 f5 6. e4 fxe4 7. f3 e5 8. dxe6 Nc6 9. Qc2 Qh4+ 10. g3 Qf6 11. fxe4 Nge7 12. Be2 Ne5 13. Bf4 d6 14. O-O-O Qxe6 15. Nf3 O-O 16. Nxe5 dxe5 17. Bh6 Re8 18. h4 Bd7 19. h5 Bc6 20. hxg6 Nxg6 21. Be3 b6 22. Rh6 Rad8 23. Rdh1 Rd7 24. Bh5 Qf6 25. Bg4 Rg7 26. Bf5 Bd7 27. g4 Qf7 28. Qe2 Nf8 29. R1h5 Be6 30. Bxe6 Rxe6 31. Rf5 Qe8 32. Rh1 Ng6 33. Rhf1 Rd7 34. Bh6 Red6 35. Qf2 Rd8 36. Bg5 R8d7 37. Bh6 Rd8 38. Kb2 Rd1 39. Rf6 Rxf1 40. Qxf1 Qd7 41. Qf5 Qxf5 42. exf5 Nf4 43. Rc6 Rd2+ 44. Kb3 Rg2 45. Rf6 Ng6 46. fxg6 hxg6 47. g5 1-0

[Event "Turkish Cup 2024"]
[Site "Denizli"]
[Date "2024.08.04"]
[Round "8"]
[White "Baylav, Can"]
[Black "Kiyak, Ali"]
[Result "1-0"]
[ECO "C77"]
[WhiteElo "2086"]
[BlackElo "1803"]
[Annotator "RC"]
[PlyCount "93"]
[EventDate "2024.08.01"]
[EventType "swiss"]
[EventCountry "TUR"]
[SourceTitle "playchess.com"]
[Source "ChessBase"]
[SourceQuality "1"]
[TimeControl "5400+30"]

1. e4 e5 2. Nf3 Nc6 3. Bb5 a6 4. Ba4 Nf6 5. d3 d6 6. c3 g6 7. O-O Bg7 8. Re1 O-O 9. h3 b5 10. Bc2 Bb7 11. a4 b4 12. a5 Rb8 13. d4 bxc3 14. bxc3 exd4 15. cxd4 Nb4 16. Nc3 Nxc2 17. Qxc2 h6 18. d5 Qd7 19. Be3 c6 20. dxc6 Qxc6 21. Nd4 Qc7 22. Qd3 Rbc8 23. Rec1 Qe7 24. f3 d5 25. e5 Qxe5 26. Rab1 Ba8 27. Nde2 d4 28. Bxd4 Qxa5 29. Ra1 Qg5 30. Rxa6 Nh5 31. Bxg7 Nxg7 32. Kh1 Rfd8 33. Rd6 Nf5 34. Rd7 Rxd7 35. Qxd7 Rd8 36. Qc7 Re8 37. Ra1 Ne3 38. Nf4 Qf6 39. Re1 Qe7 40. Qb6 Qe5 41. Qb4 g5 42. Nh5 Re6 43. Ne4 Bxe4 44. Rxe3 Qa1+ 45. Re1 Qa2 46. Rxe4 Qa1+ 47. Kh2 1-0

[Event "Turkish Cup 2024"]
[Site "Denizli"]
[Date "2024.08.04"]
[Round "8"]
[White "Tutuncu, Ali"]
[Black "Maruflu, Enes Yusuf"]
[Result "0-1"]
[ECO "C77"]
[WhiteElo "2041"]
[BlackElo "2228"]
[Annotator "RC"]
[PlyCount "176"]
[EventDate "2024.08.01"]
[EventType "swiss"]
[EventCountry "TUR"]
[SourceTitle "playchess.com"]
[Source "ChessBase"]
[SourceQuality "1"]
[TimeControl "5400+30"]

1. e4 e5 2. Nf3 Nc6 3. Bb5 a6 4. Ba4 Nf6 5. d3 d6 6. c3 g6 7. d4 exd4 8. cxd4 Bg7 9. d5 b5 10. dxc6 bxa4 11. Qxa4 O-O 12. O-O Re8 13. Nc3 Rb8 14. h3 h6 15. Re1 d5 16. e5 Nh7 17. Qd4 Be6 18. Rd1 f6 19. Bf4 Ng5 20. Nxg5 fxg5 21. Bg3 Rxb2 22. Rab1 Rxb1 23. Rxb1 h5 24. Rb7 h4 25. Bh2 Kh8 26. f3 Qe7 27. f4 g4 28. hxg4 Qa3 29. Kh1 Bxg4 30. Qd2 h3 31. Bg1 hxg2+ 32. Kxg2 Qa5 33. Kg3 Bh5 34. a4 Kh7 35. Bd4 Re6 36. Bb6 cxb6 37. c7 Rc6 38. Ne4 dxe4 39. Qxa5 bxa5 40. e6 g5 41. f5 Rxc7 42. Rxc7 Kh6 43. Rc4 e3 44. Re4 e2 45. e7 Bc3 46. Rxe2 Be8 47. Re6+ Kg7 48. Kg4 Bf6 49. Rxa6 Bxa4 50. Rxa5 Bd1+ 51. Kg3 Bxe7 52. Ra6 Bh5 53. Re6 Bf6 54. Re1 Bd8 55. Re6 Bc7+ 56. Kf2 Bf4 57. Ra6 Kf7 58. Rc6 Bg4 59. Rc4 Kf6 60. Rc5 Bh2 61. Kg2 Be5 62. Rc8 Kxf5 63. Rf8+ Ke4 64. Rg8 Kf4 65. Rf8+ Bf5 66. Rd8 Be4+ 67. Kf2 g4 68. Rf8+ Bf5 69. Kg2 Bd4 70. Kh2 Bc5 71. Rg8 Kf3 72. Rg5 Bd6+ 73. Kg1 Be4 74. Rg7 Kg3 75. Rf7 Bc5+ 76. Kf1 Bd3+ 77. Ke1 Be3 78. Rf8 Kg2 79. Re8 Bf2+ 80. Kd2 Bf1 81. Rg8 g3 82. Rh8 Kg1 83. Ra8 g2 84. Rh8 Bb5 85. Rb8 Kf1 86. Rxb5 Be1+ 87. Kd1 g1=Q 88. Rf5+ Bf2 0-1

[Event "Turkish Cup 2024"]
[Site "Denizli"]
[Date "2024.08.04"]
[Round "8"]
[White "Yilmaz, Kerem Tuna"]
[Black "Seker, Cinar"]
[Result "1/2-1/2"]
[ECO "C65"]
[WhiteElo "2025"]
[BlackElo "1815"]
[Annotator "RC"]
[PlyCount "91"]
[EventDate "2024.08.01"]
[EventType "swiss"]
[EventCountry "TUR"]
[SourceTitle "playchess.com"]
[Source "ChessBase"]
[SourceQuality "1"]
[TimeControl "5400+30"]

1. e4 e5 2. Nf3 Nc6 3. Bb5 Nf6 4. d3 Bc5 5. c3 d6 6. O-O O-O 7. Be3 Bxe3 8. fxe3 Ne7 9. Nbd2 c6 10. Ba4 Ng6 11. d4 Qe7 12. Qe2 d5 13. Bc2 dxe4 14. Nxe4 Nxe4 15. Bxe4 exd4 16. exd4 Bf5 17. Bd3 Bxd3 18. Qxd3 f6 19. Rae1 Qd7 20. a4 Rfe8 21. a5 Qd5 22. a6 b5 23. Nd2 Rxe1 24. Rxe1 Kf7 25. Qe4 Qd7 26. Qf3 Re8 27. Rxe8 Kxe8 28. Ne4 Nf8 29. Qg3 Ne6 30. Nd6+ Ke7 31. Nf5+ Kf7 32. Nd6+ Ke7 33. Nf5+ Kf7 34. Qf3 Ng5 35. Qg4 Qe6 36. h4 g6 37. Nh6+ Kg7 38. hxg5 Qe3+ 39. Kh2 fxg5 40. Ng8 Kxg8 41. Qc8+ Kg7 42. Qxc6 Qf4+ 43. Kg1 Qc1+ 44. Kh2 Qf4+ 45. Kg1 Qc1+ 46. Kh2 1/2-1/2

[Event "Turkish Cup 2024"]
[Site "Denizli"]
[Date "2024.08.04"]
[Round "8"]
[White "Gungor, Cihan Akif"]
[Black "Kiraz, Yigit"]
[Result "1-0"]
[ECO "B92"]
[WhiteElo "2024"]
[BlackElo "1786"]
[Annotator "RC"]
[PlyCount "101"]
[EventDate "2024.08.01"]
[EventType "swiss"]
[EventCountry "TUR"]
[SourceTitle "playchess.com"]
[Source "ChessBase"]
[SourceQuality "1"]
[TimeControl "5400+30"]

1. e4 c5 2. Nf3 d6 3. d4 cxd4 4. Nxd4 Nf6 5. Nc3 a6 6. Be2 e5 7. Nb3 Be7 8. Be3 Be6 9. Nd5 Nbd7 10. Qd3 Bxd5 11. exd5 h5 12. c4 a5 13. c5 Nxc5 14. Nxc5 dxc5 15. Qb5+ Qd7 16. Bxc5 Bxc5 17. Qxc5 Rc8 18. Qxa5 Qxd5 19. Bb5+ Kf8 20. O-O g6 21. Qb6 Kg7 22. a4 Rc2 23. Rad1 Qc5 24. Qxb7 e4 25. h3 e3 26. fxe3 Qxe3+ 27. Kh1 Ne4 28. Qxf7+ Kh6 29. Rf3 Nf2+ 30. Kg1 Nxh3+ 31. Kh2 Ng5 32. Qxg6+ Kxg6 33. Rd6+ Qe6 34. Rxe6+ Nxe6 35. Bd3+ Kg5 36. Rf5+ Kg4 37. Bxc2 Rc8 38. Rf2 Nd4 39. Bd1+ Kg5 40. Rd2 Nf5 41. Rd5 h4 42. a5 Kf4 43. Bf3 h3 44. a6 hxg2 45. Rxf5+ Kxf5 46. a7 Ke5 47. a8=Q Rxa8 48. Bxa8 Kd4 49. b3 Kc5 50. Kxg2 Kd4 51. Bf3 1-0

[Event "Turkish Cup 2024"]
[Site "Denizli"]
[Date "2024.08.04"]
[Round "8"]
[White "Ilgaz, Yusuf Kerem"]
[Black "Binboga, Yaman"]
[Result "1-0"]
[ECO "B29"]
[WhiteElo "2006"]
[BlackElo "1770"]
[Annotator "RC"]
[PlyCount "96"]
[EventDate "2024.08.01"]
[EventType "swiss"]
[EventCountry "TUR"]
[SourceTitle "playchess.com"]
[Source "ChessBase"]
[SourceQuality "1"]
[TimeControl "5400+30"]

1. e4 c5 2. Nf3 Nf6 3. Nc3 d5 4. exd5 Nxd5 5. Bb5+ Bd7 6. Qe2 Nf6 7. d4 cxd4 8. Nxd4 e6 9. Bf4 Bb4 10. O-O O-O 11. Bd3 Nc6 12. Nb3 h6 13. Rad1 Re8 14. Ne4 e5 15. Bg3 Nxe4 16. Bxe4 Qc7 17. Kh1 Be6 18. Qh5 Bc4 19. Bd3 Bxd3 20. Rxd3 Rad8 21. Rfd1 Rxd3 22. Rxd3 Rd8 23. Qe2 Rxd3 24. Qxd3 Qd6 25. Qe2 a5 26. c3 Bc5 27. Nxc5 Qxc5 28. f3 Qd5 29. b3 Qc5 30. Qd2 a4 31. Bf2 Qb5 32. Qc2 axb3 33. axb3 Na5 34. b4 Qf1+ 35. Bg1 Nc4 36. Qe4 b5 37. Qd5 Nb2 38. Qxe5 Nd3 39. Qe3 Ne1 40. Qd2 g6 41. h3 Kh7 42. Qa2 Kg8 43. Kh2 Nxf3+ 44. gxf3 Qxf3 45. Qd2 Kh7 46. Bd4 h5 47. Qf2 Qd5 48. Qf6 Qc5 1-0

[Event "Turkish Cup 2024"]
[Site "Denizli"]
[Date "2024.08.04"]
[Round "8"]
[White "Akbas, Kaan"]
[Black "Selvi, Kaan"]
[Result "1/2-1/2"]
[ECO "A08"]
[WhiteElo "1990"]
[BlackElo "1863"]
[Annotator "RC"]
[PlyCount "120"]
[EventDate "2024.08.01"]
[EventType "swiss"]
[EventCountry "TUR"]
[SourceTitle "playchess.com"]
[Source "ChessBase"]
[SourceQuality "1"]
[TimeControl "5400+30"]

1. Nf3 Nf6 2. g3 c5 3. Bg2 g6 4. O-O Bg7 5. d3 d5 6. Nbd2 Nc6 7. e4 dxe4 8. dxe4 O-O 9. c3 Qc7 10. Qc2 b6 11. Rd1 Rd8 12. Nc4 Rxd1+ 13. Qxd1 Nxe4 14. Bf4 Qb7 15. Qe2 b5 16. Nfe5 f5 17. Nxc6 Qxc6 18. Na5 Qe6 19. Qxb5 Ba6 20. Qa4 Bd3 21. Rd1 c4 22. Qc6 Qxc6 23. Nxc6 Kf7 24. f3 Nc5 25. Be3 Na4 26. Rd2 e5 27. b3 Nxc3 28. bxc4 Bxc4 29. Rd7+ Kg8 30. Rc7 Nd5 31. Ne7+ Kh8 32. Nxd5 Bxd5 33. a4 a5 34. f4 Bxg2 35. Kxg2 e4 36. Bb6 Bf8 37. h4 Kg8 38. Kh3 Ra6 39. Rb7 Ra8 40. h5 Bg7 41. hxg6 hxg6 42. g4 Rc8 43. gxf5 gxf5 44. Kh4 Bh6 45. Kh5 Bxf4 46. Kg6 Rc6+ 47. Kxf5 Bd2 48. Kxe4 Bb4 49. Bd4 Rc2 50. Rg7+ Kf8 51. Rg1 Ra2 52. Kd5 Rxa4 53. Ke6 Be7 54. Bg7+ Ke8 55. Rh1 Re4+ 56. Be5 a4 57. Rh8+ Bf8 58. Kd5 Re1 59. Bc3 Rb1 60. Bg7 Rf1 1/2-1/2

[Event "Turkish Cup 2024"]
[Site "Denizli"]
[Date "2024.08.04"]
[Round "8"]
[White "Cakir, Mert"]
[Black "Cevizci, Yusuf Baran"]
[Result "1/2-1/2"]
[ECO "C03"]
[WhiteElo "1990"]
[BlackElo "2102"]
[Annotator "RC"]
[PlyCount "87"]
[EventDate "2024.08.01"]
[EventType "swiss"]
[EventCountry "TUR"]
[SourceTitle "playchess.com"]
[Source "ChessBase"]
[SourceQuality "1"]
[TimeControl "5400+30"]

1. e4 e6 2. d4 d5 3. Nd2 Be7 4. Bd3 c5 5. dxc5 Nf6 6. Qe2 a5 7. Ngf3 O-O 8. O-O Na6 9. e5 Nd7 10. c3 Naxc5 11. Bc2 b6 12. Re1 Ba6 13. Qe3 Rc8 14. Nd4 Re8 15. b4 axb4 16. cxb4 Nb7 17. b5 Bxb5 18. Bxh7+ Kxh7 19. Nxb5 Kg8 20. Bb2 Na5 21. Rac1 Nc5 22. Rb1 Nc6 23. Red1 Ra8 24. a3 Ra4 25. Qg3 Qd7 26. Nc3 Raa8 27. Nde4 Qd8 28. Nf6+ Bxf6 29. exf6 g6 30. Qf4 d4 31. Ne4 Nxe4 32. Qxe4 Qd5 33. Qh4 Qf5 34. g4 Qf4 35. Rd3 Ne5 36. Rh3 Nf3+ 37. Rxf3 Qxf3 38. Bxd4 e5 39. Rb3 Qxb3 40. Qh6 Qd1+ 41. Kg2 Qxg4+ 42. Kf1 Qd1+ 43. Kg2 Qg4+ 44. Kf1 1/2-1/2

[Event "Turkish Cup 2024"]
[Site "Denizli"]
[Date "2024.08.04"]
[Round "8"]
[White "Dargali, Hakan"]
[Black "Bozdag, Armagan Emre"]
[Result "1-0"]
[ECO "E33"]
[WhiteElo "1973"]
[BlackElo "1794"]
[Annotator "RC"]
[PlyCount "69"]
[EventDate "2024.08.01"]
[EventType "swiss"]
[EventCountry "TUR"]
[SourceTitle "playchess.com"]
[Source "ChessBase"]
[SourceQuality "1"]
[TimeControl "5400+30"]

1. d4 Nf6 2. c4 e6 3. Nc3 Bb4 4. Nf3 Nc6 5. Qc2 d6 6. Bg5 h6 7. Bxf6 Qxf6 8. a3 Bxc3+ 9. Qxc3 O-O 10. e3 e5 11. d5 Ne7 12. Bd3 c6 13. dxc6 bxc6 14. c5 Nd5 15. Qc2 Re8 16. cxd6 Qxd6 17. Nd2 Nf6 18. Ne4 Qe6 19. O-O Nd5 20. Rac1 f5 21. Ng3 f4 22. Ne4 Kh8 23. Qxc6 Qxc6 24. Rxc6 fxe3 25. Nd6 Rf8 26. fxe3 Bd7 27. Rxf8+ Rxf8 28. Rc5 Nxe3 29. Rxe5 Ng4 30. Re7 Bc6 31. h3 Nf6 32. Rxa7 h5 33. b4 Bd5 34. Bg6 Kg8 35. Nf5 1-0

[Event "Turkish Cup 2024"]
[Site "Denizli"]
[Date "2024.08.04"]
[Round "8"]
[White "Bulgurlu, Okan"]
[Black "Zuberoglu, Ibrahim Berk"]
[Result "1-0"]
[ECO "B20"]
[WhiteElo "1964"]
[BlackElo "1870"]
[Annotator "RC"]
[PlyCount "69"]
[EventDate "2024.08.01"]
[EventType "swiss"]
[EventCountry "TUR"]
[SourceTitle "playchess.com"]
[Source "ChessBase"]
[SourceQuality "1"]
[TimeControl "5400+30"]

1. e4 c5 2. b3 e5 3. Bb2 Nc6 4. Bc4 Nf6 5. d3 d6 6. Ne2 g6 7. O-O Bg7 8. Nbc3 O-O 9. Nd5 Nxd5 10. Bxd5 Ne7 11. Bc4 a6 12. a4 b6 13. f4 Rb8 14. b4 cxb4 15. Qd2 a5 16. fxe5 d5 17. exd5 Nxd5 18. Ng3 Be6 19. Ne4 Nc3 20. Nf6+ Kh8 21. Bxc3 bxc3 22. Qxc3 Rc8 23. Rf4 Bxc4 24. dxc4 Qe7 25. Raf1 Rc5 26. Qh3 h5 27. Nd7 Bxe5 28. R4f3 Rxc4 29. Nxf8 Qxf8 30. Rxf7 Qc5+ 31. Kh1 Qd5 32. Qe3 Bg7 33. Qe8+ Kh7 34. Rxg7+ Kxg7 35. Qf8+ 1-0

[Event "Turkish Cup 2024"]
[Site "Denizli"]
[Date "2024.08.04"]
[Round "8"]
[White "Cicek, Bilal Emre"]
[Black "Uysal, Ilyas"]
[Result "1-0"]
[ECO "A36"]
[WhiteElo "1963"]
[BlackElo "1849"]
[Annotator "RC"]
[PlyCount "107"]
[EventDate "2024.08.01"]
[EventType "swiss"]
[EventCountry "TUR"]
[SourceTitle "playchess.com"]
[Source "ChessBase"]
[SourceQuality "1"]
[TimeControl "5400+30"]

1. c4 d6 2. g3 g6 3. Bg2 Bg7 4. Nc3 c5 5. e4 Nc6 6. Nge2 e6 7. O-O Nge7 8. d3 O-O 9. a3 a6 10. Rb1 Rb8 11. b4 Nd4 12. Nxd4 cxd4 13. Ne2 b5 14. Bb2 Qb6 15. cxb5 axb5 16. f4 f5 17. Kh1 e5 18. Qb3+ Kh8 19. Bc1 Bd7 20. Bd2 Rbc8 21. Rbc1 Qa6 22. fxe5 dxe5 23. Bg5 Be6 24. Qb2 Qd6 25. Rxc8 Nxc8 26. Qc1 Nb6 27. Qc5 Qxc5 28. bxc5 Na4 29. Be7 Rc8 30. c6 f4 31. gxf4 Rxc6 32. fxe5 Bxe5 33. Nf4 Bg8 34. Nd5 Kg7 35. Bf8+ Kh8 36. Ne7 Rf6 37. Rxf6 Bxf6 38. Nxg8 Kxg8 39. Bd6 Nc3 40. e5 Bg5 41. e6 h5 42. Bc6 Nd1 43. e7 Nf2+ 44. Kg2 Bxe7 45. Bxe7 Nxd3 46. Bxb5 Ne1+ 47. Kf2 Nc2 48. a4 Kf7 49. a5 Kxe7 50. a6 d3 51. a7 d2 52. Be2 Nb4 53. a8=Q Nd3+ 54. Ke3 1-0

[Event "Turkish Cup 2024"]
[Site "Denizli"]
[Date "2024.08.04"]
[Round "8"]
[White "Yildiz, Talat"]
[Black "Turgut, Hakan"]
[Result "1/2-1/2"]
[ECO "B15"]
[WhiteElo "1956"]
[BlackElo "2052"]
[Annotator "RC"]
[PlyCount "118"]
[EventDate "2024.08.01"]
[EventType "swiss"]
[EventCountry "TUR"]
[SourceTitle "playchess.com"]
[Source "ChessBase"]
[SourceQuality "1"]
[TimeControl "5400+30"]

1. e4 c6 2. d4 d5 3. Nc3 dxe4 4. Nxe4 Nf6 5. Nxf6+ exf6 6. c3 Bd6 7. Bd3 O-O 8. Ne2 Re8 9. Qc2 h5 10. O-O h4 11. h3 Nd7 12. Be3 Nf8 13. Rad1 Be6 14. c4 Qc7 15. Qd2 Ng6 16. f4 f5 17. Kh1 Qe7 18. Rf3 b5 19. b3 bxc4 20. bxc4 Rab8 21. Qc2 Qf6 22. Qa4 Ne7 23. Rb1 Rxb1+ 24. Bxb1 Rb8 25. Bd3 Rb4 26. Qa6 Bb8 27. Bd2 Rb6 28. Qa5 Ng6 29. Bc3 Qe7 30. d5 cxd5 31. cxd5 Bd7 32. Bd4 Rb7 33. Re3 Qb4 34. Qxb4 Rxb4 35. a3 Rb7 36. Rf3 Rb3 37. Bc2 Rxf3 38. gxf3 a6 39. Be3 Bd6 40. Bc1 Ne7 41. Bb3 Bb5 42. Nd4 Bd3 43. Nc6 Nxc6 44. dxc6 Bb5 45. Bd5 Kf8 46. Kg2 Ke7 47. Kf2 Bc5+ 48. Be3 Bxe3+ 49. Kxe3 Kd6 50. Bxf7 Bxc6 51. Bc4 a5 52. Bd3 Bd7 53. Kd4 Be6 54. Bc2 g6 55. Ba4 Bd5 56. Bd1 Bb7 57. Be2 Bd5 58. Bd1 Bb7 59. Be2 Bd5 1/2-1/2

[Event "Turkish Cup 2024"]
[Site "Denizli"]
[Date "2024.08.04"]
[Round "8"]
[White "Hatirli, Ugur Can"]
[Black "Kolat, Ata"]
[Result "1-0"]
[ECO "E38"]
[WhiteElo "1948"]
[BlackElo "1908"]
[Annotator "RC"]
[PlyCount "71"]
[EventDate "2024.08.01"]
[EventType "swiss"]
[EventCountry "TUR"]
[SourceTitle "playchess.com"]
[Source "ChessBase"]
[SourceQuality "1"]
[TimeControl "5400+30"]

1. c4 Nf6 2. d4 e6 3. Nc3 Bb4 4. Qc2 c5 5. dxc5 Na6 6. a3 Bxc3+ 7. Qxc3 Nxc5 8. Nf3 Nce4 9. Qc2 O-O 10. e3 b6 11. Be2 Bb7 12. O-O d5 13. cxd5 Qxd5 14. Rd1 Qf5 15. Qc7 Bd5 16. Qe5 Qg6 17. Ne1 Ng5 18. f3 Bb3 19. Rd4 Rac8 20. h4 Nh3+ 21. Kf1 Nh5 22. Rg4 Rc5 23. Qh2 Qf6 24. Rb4 Rfc8 25. Rxb3 Qxh4 26. Qxh3 Ng3+ 27. Qxg3 Qxg3 28. Rc3 Rxc3 29. bxc3 Rc5 30. f4 Rxc3 31. Bd2 Rc7 32. Nf3 Qg6 33. Rd1 h6 34. Be1 Qh5 35. Rd8+ Kh7 36. Ng5+ 1-0

[Event "Turkish Cup 2024"]
[Site "Denizli"]
[Date "2024.08.04"]
[Round "8"]
[White "Yardimci, Can"]
[Black "Sabahi, Ali Can"]
[Result "1-0"]
[ECO "C00"]
[WhiteElo "1930"]
[BlackElo "1882"]
[Annotator "RC"]
[PlyCount "75"]
[EventDate "2024.08.01"]
[EventType "swiss"]
[EventCountry "TUR"]
[SourceTitle "playchess.com"]
[Source "ChessBase"]
[SourceQuality "1"]
[TimeControl "5400+30"]

1. e4 e6 2. d3 d5 3. Nd2 c5 4. Ngf3 Nf6 5. g3 Be7 6. Bg2 O-O 7. O-O Nc6 8. Re1 Rb8 9. e5 Nd7 10. Nf1 b5 11. Bf4 a5 12. h4 a4 13. N1h2 a3 14. bxa3 Nd4 15. Nxd4 cxd4 16. Qg4 f5 17. exf6 Nxf6 18. Qe2 Ra8 19. Bh3 Ra6 20. Nf3 Bc5 21. Rab1 Bd7 22. Bd2 Re8 23. Qe5 Rxa3 24. Bb4 Bxb4 25. Rxb4 Rxa2 26. Nxd4 Qa5 27. Qd6 Rb2 28. c3 Qa2 29. Rxb2 Qxb2 30. Bxe6+ Bxe6 31. Rxe6 Rf8 32. Re7 Qb1+ 33. Kg2 Qxd3 34. Qc7 Ng4 35. Rxg7+ Kh8 36. Rxg4 Rxf2+ 37. Kxf2 Qd2+ 38. Ne2 1-0

[Event "Turkish Cup 2024"]
[Site "Denizli"]
[Date "2024.08.04"]
[Round "8"]
[White "Tirpan, Ceren"]
[Black "Celik, Ege Yigit"]
[Result "1-0"]
[ECO "E62"]
[WhiteElo "1926"]
[BlackElo "1949"]
[Annotator "RC"]
[PlyCount "89"]
[EventDate "2024.08.01"]
[EventType "swiss"]
[EventCountry "TUR"]
[SourceTitle "playchess.com"]
[Source "ChessBase"]
[SourceQuality "1"]
[TimeControl "5400+30"]

1. g3 Nf6 2. Bg2 g6 3. Nf3 Bg7 4. O-O O-O 5. c4 d6 6. d4 c6 7. Nc3 Bf5 8. Re1 Ne4 9. Qb3 Nxc3 10. Qxc3 Be4 11. Bf4 Nd7 12. Rad1 Qb6 13. Bh3 Bxf3 14. exf3 Qd8 15. Bg5 Re8 16. Qe3 Bf6 17. f4 Bxg5 18. fxg5 d5 19. cxd5 cxd5 20. Rc1 e6 21. Rc3 Nb6 22. Qf4 Rc8 23. Rf3 Qc7 24. Qh4 Rcd8 25. Bf1 a6 26. g4 Nd7 27. Rxf7 Kxf7 28. Qxh7+ Kf8 29. Re3 Qf4 30. Be2 Qxg5 31. h4 Qe7 32. Rf3+ Nf6 33. Qxg6 Qg7 34. Rxf6+ Kg8 35. Rxe6 Qxg6 36. Rxg6+ Kf7 37. Bd3 Re1+ 38. Kg2 Rd1 39. Bf5 Rxd4 40. Rb6 Rd2 41. h5 d4 42. g5 d3 43. Rxb7+ Kg8 44. Be6+ Kf8 45. g6 1-0

[Event "Turkish Cup 2024"]
[Site "Denizli"]
[Date "2024.08.04"]
[Round "8"]
[White "Cetindag, Alper"]
[Black "Akkara, Omer"]
[Result "1-0"]
[ECO "B31"]
[WhiteElo "1923"]
[BlackElo "1998"]
[Annotator "RC"]
[PlyCount "123"]
[EventDate "2024.08.01"]
[EventType "swiss"]
[EventCountry "TUR"]
[SourceTitle "playchess.com"]
[Source "ChessBase"]
[SourceQuality "1"]
[TimeControl "5400+30"]

1. e4 c5 2. Nf3 Nc6 3. Bb5 g6 4. Bxc6 dxc6 5. d3 Bg7 6. h3 e5 7. a4 a5 8. Be3 b6 9. Na3 Qc7 10. Nc4 Be6 11. Nfd2 Rb8 12. O-O Ne7 13. f4 f6 14. fxe5 fxe5 15. Qf3 Nc8 16. Bg5 Nd6 17. Qg3 Nf7 18. Bf6 O-O 19. Bxg7 Kxg7 20. Qh4 g5 21. Rxf7+ Qxf7 22. Qxg5+ Qg6 23. Qxg6+ hxg6 24. Nxe5 Rf6 25. Nxc6 Rbf8 26. Ne5 g5 27. Ndf3 Kh6 28. Kf2 Rc8 29. Ke3 Rff8 30. c3 Rfe8 31. g4 Rc7 32. d4 cxd4+ 33. cxd4 Rc2 34. d5 Bg8 35. d6 Rxb2 36. d7 Rb3+ 37. Kf2 Rb2+ 38. Kg3 Rd8 39. Rd1 Rc2 40. Rd6+ Kg7 41. Rxb6 Rc7 42. Rb5 Be6 43. Nxg5 Bxd7 44. Nxd7 Rc3+ 45. Kf4 Rxd7 46. Rxa5 Re7 47. h4 Rc1 48. h5 Rh1 49. Ra6 Rh2 50. a5 Rh1 51. Rb6 Rh2 52. a6 Rh1 53. Ne6+ Kf7 54. Kf5 Rf1+ 55. Nf4 Ra1 56. g5 Ra7 57. h6 Ra8 58. Rb7+ Kf8 59. h7 Rh1 60. a7 Rd8 61. Rb8 Kg7 62. Rxd8 1-0

[Event "Turkish Cup 2024"]
[Site "Denizli"]
[Date "2024.08.04"]
[Round "8"]
[White "Tahaoglu, Erkin"]
[Black "Sahin, Ata Sarp"]
[Result "1/2-1/2"]
[ECO "D35"]
[WhiteElo "1916"]
[BlackElo "1996"]
[Annotator "RC"]
[PlyCount "165"]
[EventDate "2024.08.01"]
[EventType "swiss"]
[EventCountry "TUR"]
[SourceTitle "playchess.com"]
[Source "ChessBase"]
[SourceQuality "1"]
[TimeControl "5400+30"]

1. d4 Nf6 2. Nf3 d5 3. c4 e6 4. cxd5 exd5 5. Qc2 Bd6 6. Nc3 c6 7. Bg5 O-O 8. e3 Re8 9. Bd3 h6 10. Bh4 a5 11. O-O Bg4 12. Nd2 Na6 13. a3 g5 14. Bg3 Bxg3 15. hxg3 Qd6 16. Rfe1 Kg7 17. Bf5 Bh5 18. Nf3 Bxf3 19. gxf3 Nc7 20. Rad1 Ne6 21. Bxe6 Qxe6 22. Kg2 g4 23. fxg4 Qxg4 24. Rh1 Re6 25. Ne2 Qe4+ 26. Qxe4 Nxe4 27. Nf4 Re7 28. g4 a4 29. Nh5+ Kg6 30. Nf4+ Kg7 31. Rh2 Rh8 32. Rdh1 Ree8 33. Nh5+ Kf8 34. Nf4 Kg7 35. Ne2 Nd6 36. Ng3 Re6 37. Nh5+ Kf8 38. Nf4 Rf6 39. g5 Rg8 40. Rxh6 Rxg5+ 41. Kf3 Rxh6 42. Rxh6 Nc4 43. Rh8+ Kg7 44. Rb8 b5 45. Nd3 Rg1 46. Rc8 Rd1 47. Ne5 Nxb2 48. Rc7 Nc4 49. Rxf7+ Kg8 50. Rc7 Nxa3 51. Nxc6 Kf8 52. Kf4 Rd2 53. Ke5 Nc4+ 54. Kxd5 a3 55. Ra7 Rxf2 56. e4 Nb6+ 57. Kc5 Na4+ 58. Kxb5 Nc3+ 59. Kc4 Nxe4 60. Rxa3 Rc2+ 61. Kd5 Nf6+ 62. Kd6 Ne8+ 63. Kd7 Nf6+ 64. Kc7 Nd5+ 65. Kd6 Nc3 66. Ra8+ Kf7 67. Ne5+ Kg7 68. Ke6 Nb5 69. Rd8 Nxd4+ 70. Rxd4 Re2 71. Rg4+ Kf8 72. Ra4 Re1 73. Ra8+ Kg7 74. Ra2 Re3 75. Rf2 Re1 76. Kf5 Rg1 77. Rd2 Rf1+ 78. Kg5 Rg1+ 79. Ng4 Kf7 80. Re2 Rg3 81. Kf5 Rf3+ 82. Ke5 Rf1 83. Rf2+ 1/2-1/2

[Event "Turkish Cup 2024"]
[Site "Denizli"]
[Date "2024.08.04"]
[Round "8"]
[White "Demirag, Batuhan"]
[Black "Cetin, Eralp"]
[Result "1-0"]
[ECO "B10"]
[WhiteElo "1912"]
[BlackElo "1734"]
[Annotator "RC"]
[PlyCount "49"]
[EventDate "2024.08.01"]
[EventType "swiss"]
[EventCountry "TUR"]
[SourceTitle "playchess.com"]
[Source "ChessBase"]
[SourceQuality "1"]
[TimeControl "5400+30"]

1. Nf3 d5 2. g3 g6 3. Bg2 Bg7 4. O-O e5 5. d3 Ne7 6. Nbd2 O-O 7. e4 c6 8. Re1 Nd7 9. exd5 cxd5 10. c4 dxc4 11. Nxc4 Nc6 12. Be3 Qc7 13. Rc1 Re8 14. b4 Qb8 15. b5 Nb4 16. Ng5 Nf6 17. Bc5 Nxa2 18. Rc2 Bg4 19. f3 Nd7 20. Bd6 Qd8 21. fxg4 Qxg5 22. Rxa2 e4 23. Bxe4 Qxb5 24. Ra5 Bd4+ 25. Kg2 1-0